 Dungeon Crawl Stone Soup version 0.21.1-1-g345015f (webtiles) character file.

1059 lysyklops the Slasher (level 8, -6/70 HPs)
             Began as a White Draconian Berserker on July 13, 2018.
             Was a Priest of Trog.
             Killed from afar by Ijyb (16 damage)
             ... with a wand of acid (5)
             ... on level 5 of the Dungeon.
             The game lasted 00:09:44 (3289 turns).

lysyklops the Slasher (White Draconian Berserker)   Turns: 3289, Time: 00:09:45

Health: -6/70      AC:  6    Str: 22    XL:     8   Next: 6%
Magic:  8/8        EV: 13    Int:  8    God:    Trog [***...]
Gold:   262        SH:  0    Dex: 10    Spells: 7/7 levels left

rFire    . . .     SeeInvis .   a - +0 falchion
rCold    + . .     Gourm    .   (no shield)
rNeg     . . .     Faith    .   (armour unavailable)
rPois    .         Spirit   .   (helmet restricted)
rElec    .         Reflect  .   (no cloak)
rCorr    .         Harm     .   (no gloves)
MR       .....                  (no boots)
Stlth    +.........             (no amulet)
HPRegen  0.21/turn              (no ring)
MPRegen  0.11/turn              (no ring)

@: no status effects
A: breathe frost, unfitting armour, cold resistance 1, cold-blooded, AC +6
a: Breathe Frost, Berserk, Trog's Hand, Burn Spellbooks, Renounce Religion


You were on level 5 of the Dungeon.
You worshipped Trog.
Trog was most pleased with you.
You were not hungry.

You visited 1 branch of the dungeon, and saw 5 of its levels.

You collected 262 gold pieces.

Inventory:

Hand Weapons
 a - a +0 falchion (weapon)
Jewellery
 o - a +3 ring of protection {unknown}
 p - an uncursed ring of resist corrosion {unknown}
 s - an uncursed ring of protection from cold {unknown}
 v - a +3 ring of evasion {unknown}
Wands
 t - a wand of acid (15)
 y - a wand of random effects (37)
Scrolls
 d - 3 scrolls of identify
 h - 8 scrolls of teleportation
 i - a scroll of fog
 l - a scroll of blinking
 w - a scroll of fear {unknown}
 x - a scroll of magic mapping {unknown}
Potions
 c - 2 potions of berserk rage
 e - 2 potions of curing
 f - a potion of ambrosia {unknown}
 g - a potion of flight {unknown}
 j - a potion of lignification {unknown}
 k - 4 potions of might
 m - a potion of brilliance {unknown}
 n - a potion of heal wounds {unknown}
 q - a potion of agility {unknown}
 r - a potion of haste {unknown}
Comestibles
 b - 12 rations
 u - 2 chunks of flesh


   Skills:
 + Level 5.7 Fighting
 + Level 7.6 Long Blades
 + Level 4.7 Dodging
 - Level 0.9 Stealth


You had 7 spell levels left.
You didn't know any spells.

Dungeon Overview and Level Annotations

Branches:
Dungeon (5/15)
 Temple: D:4-7

Altars:
Ashenzari

Annotations:
D:5 Ijyb


Innate Abilities, Weirdness & Mutations

You can breathe waves of freezing cold.
You can buffet flying creatures when you breathe cold.
Your icy white scales are hard. (AC +6)
You cannot fit into any form of body armour.
Your flesh is cold resistant. (rC+)
You are cold-blooded and may be slowed by cold attacks.


Message History

Ijyb is heavily wounded.
Ijyb zaps a wand.
The bolt of acid hits you!
* * * LOW HITPOINT WARNING * * *
You are splashed with acid!
The acid burns!
* * * LOW HITPOINT WARNING * * *
It is a wand of acid (5).
Okay, then.
You closely miss Ijyb.
Ijyb is heavily wounded.
You barely miss Ijyb.
Ijyb is heavily wounded.
Ijyb barely misses you.
You closely miss Ijyb.
Ijyb is heavily wounded.
Ijyb hits you.
* * * LOW HITPOINT WARNING * * *
You hit Ijyb but do no damage. You tail-slap Ijyb.
Ijyb is heavily wounded.
Ijyb zaps a wand.
The bolt of acid hits you!
You die...

.............................# #
##.#..........)..............# #
# #.........................# #
#.#..###..................# # ##
#...## #.#.#..#...........# ##
...###.####........#.........###.
.........###................##...
.####..#...#...#g###.......###.##
##.###.#...#@###.#...####..##
#...#...#...##..#.#..# #.###
###.##.........##.##.###.# #
#.###..##.....#.##..#..# #
#.#.......#......##...## #
#...#......##..(..##..####
##..............#..#....##
#.##.....###...##.##.#.##
####.(...# #...##.##.#...


You could see Ijyb.

Vanquished Creatures
  Menkaure (D:4)
  The ghost of Curus the Digger, an amateur GrEE (D:4)
  An ice beast (D:5)
  2 ogres
  Blork the orc (D:4)
  A bullfrog (D:3)
  A bullfrog zombie (D:5)
  A hound (D:4)
  2 bullfrog skeletons (D:5)
  3 iguanas
  5 worker ants
  6 adders
  A gnoll (D:2)
  An adder skeleton (D:4)
  2 worms (D:2)
  A dart slug (D:1)
  4 leopard geckos
  An orc (D:4)
  2 giant cockroaches (D:4)
  6 goblins
  3 hobgoblins (D:2)
  4 jackals (D:3)
  7 kobolds
  A quokka (D:4)
  11 bats
  5 frilled lizards
  A jackal skeleton (D:4)
  A leopard gecko zombie (D:5)
  A quokka skeleton (D:4)
  8 rats
85 creatures vanquished.

Notes
Turn   | Place    | Note
-------+----------+-------------------------------------------
     0 | D:1      | lysyklops the Draconian Berserker began the quest for the Orb.
     0 | D:1      | Reached XP level 1. HP: 19/19 MP: 1/1
   124 | D:1      | Reached XP level 2. HP: 24/26 MP: 2/2
   417 | D:2      | Reached XP level 3. HP: 24/33 MP: 3/3
   635 | D:2      | Reached ** piety under Trog
  1004 | D:2      | Reached skill level 4 in Long Blades
  1009 | D:2      | Reached XP level 4. HP: 40/40 MP: 4/4
  1300 | D:3      | Noticed a bullfrog
  1307 | D:3      | Killed a bullfrog
  1307 | D:3      | Reached XP level 5. HP: 24/46 MP: 5/5
  2173 | D:4      | Noticed an ogre
  2178 | D:4      | Killed an ogre
  2178 | D:4      | Reached skill level 5 in Long Blades
  2178 | D:4      | Reached XP level 6. HP: 53/53 MP: 6/6
  2180 | D:4      | Noticed Blork the orc
  2185 | D:4      | Killed Blork the orc
  2230 | D:4      | Noticed Curus's ghost (amateur GrEE)
  2243 | D:4      | Killed Curus's ghost
  2243 | D:4      | Reached skill level 6 in Long Blades
  2299 | D:4      | Noticed Menkaure
  2323 | D:4      | Killed Menkaure
  2323 | D:4      | Reached skill level 5 in Fighting
  2323 | D:4      | Your scales start taking on an icy white colour.
  2323 | D:4      | Reached XP level 7. HP: 60/61 MP: 7/7
  2323 | D:4      | Gained mutation: Your flesh is cold resistant. (rC+) [White Draconian growth]
  2460 | D:4      | Reached *** piety under Trog
  2787 | D:5      | Entered Level 5 of the Dungeon
  2814 | D:5      | Reached skill level 7 in Long Blades
  2926 | D:5      | Found a shattered altar of Ashenzari.
  3247 | D:5      | Noticed Ijyb
  3255 | D:5      | Reached XP level 8. HP: 45/70 MP: 8/8
  3289 | D:5      | Killed from afar by Ijyb

Skill      XL: |  1  2  3  4  5  6  7 |
---------------+----------------------+-----
Dodging        | 3 4 |  4.7
Long Blades    | 4 5 6 7 |  7.6
Fighting       | 4 5 |  5.7
Stealth        | |  0.9

Action                   |  1- 3 |  4- 6 |  7- 9 || total
-------------------------+-------+-------+-------++-------
Melee: Falchion          |    96 |    91 |   103 ||   290
       Tailslap          |    12 |     9 |    21 ||    42
Invok: Berserk           |       |     3 |     2 ||     5
  Use: Scroll            |       |       |     8 ||     8
 Stab: Sleeping          |     3 |       |       ||     3
  Eat: Chunk             |       |     7 |     6 ||    13
Armor: Skin              |    40 |    34 |    20 ||    94
Dodge: Dodged            |    76 |    58 |    52 ||   186
       Rpst.: Falchion   |    27 |    19 |    18 ||    64
